| TOP OF THE 1ST |
|
Frisco RoughRiders batting - Pitching for Chattanooga Lookouts : LHP David Gordon
|
|
Pitching: LHP David Gordon
|
|
|
Batting: RHB Joe Kemp
|
0-0: Ball 1-0: Swinging Strike 1-1: Ball 2-1: Foul Ball, location: 2F 2-2: Strikes out looking
|
|
Batting: RHB Doug Hammertime
|
0-0: Called Strike 0-1: Ball 1-1: Foul Ball, location: 2F 1-2: Ball 2-2: Ground out 6-3 (Groundball, 6, EV 102.5 MPH)
|
|
Batting: RHB Chance Lamb
|
0-0: Ball 1-0: Swinging Strike 1-1: Foul Ball, location: 2F 1-2: Foul Ball, location: 2F 1-2: Ball 2-2: Strikes out looking
|
| Top of the 1st over - 0 runs, 0 hits, 0 errors, 0 left on base; Frisco 0 - Chattanooga 0 |
| BOTTOM OF THE 1ST |
|
Chattanooga Lookouts batting - Pitching for Frisco RoughRiders : RHP Jeff Kidd
|
|
Pitching: RHP Jeff Kidd
|
|
|
Batting: LHB Marshall Daul
|
0-0: Ball 1-0: Foul Ball, location: 2F 1-1: Foul Ball, location: 2F 1-2: Foul Ball, location: 2F 1-2: Ball 2-2: Ball 3-2: Strikes out looking
|
|
Batting: SHB Matt Urbani
|
0-0: Ball 1-0: Swinging Strike 1-1: Fly out, F7 (Flyball, 78D, EV 85.6 MPH)
|
|
Batting: LHB Jon Ventura
|
0-0: Ball 1-0: Called Strike 1-1: Called Strike 1-2: Foul Ball, location: 2F 1-2: Ball 2-2: Strikes out swinging
|
| Bottom of the 1st over - 0 runs, 0 hits, 0 errors, 0 left on base; Frisco 0 - Chattanooga 0 |
| TOP OF THE 2ND |
|
Frisco RoughRiders batting - Pitching for Chattanooga Lookouts : LHP David Gordon
|
|
Batting: RHB Dale Aubrey
|
0-0: Ground out 3-1 (Groundball, 34, EV 93.1 MPH)
|
|
Batting: RHB Andrew Clarke
|
0-0: Ball 1-0: Called Strike 1-1: Ball 2-1: Ball 3-1: SINGLE (Flyball, 3D, EV 97.5 MPH)
|
|
Batting: RHB Josh Ferguson
|
0-0: Ball 1-0: SINGLE (Flyball, 4MD, EV 85.0 MPH) Andrew Clarke to second
|
|
Batting: LHB Pauli Gassinger
|
0-0: SINGLE (Groundball, 4MD, EV 99.4 MPH) Andrew Clarke to third Josh Ferguson to second
|
|
Batting: RHB Jose Pineda
|
0-0: SINGLE (Groundball, 4, EV 96.9 MPH) Andrew Clarke scores Josh Ferguson to third Pauli Gassinger to second Runner from 3rd tries for Home, SAFE, throw by CF to home
|
|
Batting: RHB Sean Neuroth
|
0-0: Foul Ball, location: 2F 0-1: Called Strike 0-2: Strikes out looking
|
|
Batting: RHB Joe Kemp
|
0-0: Called Strike 0-1: Ball 1-1: Called Strike 1-2: Strikes out swinging
|
| Top of the 2nd over - 2 runs, 4 hits, 0 errors, 2 left on base; Frisco 2 - Chattanooga 0 |
| BOTTOM OF THE 2ND |
|
Chattanooga Lookouts batting - Pitching for Frisco RoughRiders : RHP Jeff Kidd
|
|
Batting: LHB Israel Montoya
|
0-0: Foul Ball, location: 2F 0-1: Ball 1-1: Foul Ball, location: 2F 1-2: Foul Ball, location: 2F 1-2: Strikes out swinging
|
|
Batting: RHB Michael McDonald
|
0-0: Ground out 5-3 (Groundball, 56, EV 78.1 MPH)
|
|
Batting: LHB David Campbell
|
0-0: Foul Ball, location: 2F 0-1: Ground out 6-3 (Groundball, 56, EV 78.1 MPH)
|
| Bottom of the 2nd over - 0 runs, 0 hits, 0 errors, 0 left on base; Frisco 2 - Chattanooga 0 |
| TOP OF THE 3RD |
|
Frisco RoughRiders batting - Pitching for Chattanooga Lookouts : LHP David Gordon
|
|
Batting: RHB Doug Hammertime
|
0-0: Ball 1-0: Ball 2-0: Foul Ball, location: 2F 2-1: Ball 3-1: Foul Ball, location: 2F 3-2: Foul Ball, location: 2F 3-2: Strikes out swinging
|
|
Batting: RHB Chance Lamb
|
0-0: Ball 1-0: Ball 2-0: Called Strike 2-1: Ground out 6-3 (Groundball, 6, EV 102.5 MPH)
|
|
Batting: RHB Dale Aubrey
|
0-0: Ball 1-0: Called Strike 1-1: Ball 2-1: Swinging Strike 2-2: Foul Ball, location: 2F 2-2: Strikes out swinging
|
| Top of the 3rd over - 0 runs, 0 hits, 0 errors, 0 left on base; Frisco 2 - Chattanooga 0 |
| BOTTOM OF THE 3RD |
|
Chattanooga Lookouts batting - Pitching for Frisco RoughRiders : RHP Jeff Kidd
|
|
Batting: RHB John Dew
|
0-0: Called Strike 0-1: Fly out, F2 (Popup, 2RF, EV 92.5 MPH)
|
|
Batting: RHB Nick Phipps
|
0-0: Ball 1-0: Called Strike 1-1: Ball 2-1: Foul Ball, location: 2F 2-2: Foul Ball, location: 2F 2-2: Ball 3-2: Base on Balls
|
|
Batting: RHB Jose Gracia
|
0-0: Called Strike Nick Phipps steals 2nd base 0-1: Ball 1-1: Ball 2-1: Called Strike 2-2: Strikes out swinging
|
|
Batting: LHB Marshall Daul
|
0-0: Ball 1-0: Foul Ball, location: 2F 1-1: Foul Ball, location: 2F 1-2: Ball 2-2: Fly out, F8 (Flyball, 8RS, EV 92.5 MPH)
|
| Bottom of the 3rd over - 0 runs, 0 hits, 0 errors, 1 left on base; Frisco 2 - Chattanooga 0 |
| TOP OF THE 4TH |
|
Frisco RoughRiders batting - Pitching for Chattanooga Lookouts : LHP David Gordon
|
|
Batting: RHB Andrew Clarke
|
0-0: Ball 1-0: Called Strike 1-1: Ball 2-1: Ball 3-1: Called Strike 3-2: Foul Ball, location: 2F 3-2: DOUBLE (Groundball, 5L, EV 97.5 MPH)
|
|
Batting: RHB Josh Ferguson
|
0-0: Ball 1-0: Fly out, F8 (Flyball, 8LM, EV 91.9 MPH)
|
|
Batting: LHB Pauli Gassinger
|
0-0: Ball 1-0: Ball 2-0: Swinging Strike 2-1: Called Strike 2-2: Strikes out swinging
|
|
Batting: RHB Jose Pineda
|
0-0: Ground out 4-3 (Groundball, 4M, EV 103.1 MPH)
|
| Top of the 4th over - 0 runs, 1 hit, 0 errors, 1 left on base; Frisco 2 - Chattanooga 0 |
| BOTTOM OF THE 4TH |
|
Chattanooga Lookouts batting - Pitching for Frisco RoughRiders : RHP Jeff Kidd
|
|
Batting: SHB Matt Urbani
|
0-0: Ball 1-0: Ball 2-0: Foul Ball, location: 2F 2-1: Swinging Strike 2-2: Foul Ball, location: 2F 2-2: Foul Ball, location: 2F 2-2: Ball 3-2: Base on Balls
|
|
Batting: LHB Jon Ventura
|
0-0: Ball 1-0: Called Strike 1-1: Fielders Choice at 2nd, 6-4 (Groundball, 6, EV 82.5 MPH)
|
|
Batting: LHB Israel Montoya
|
0-0: Called Strike 0-1: Foul Ball, location: 2F 0-2: Ground out 6-3 (Groundball, 4, EV 81.2 MPH) Jon Ventura to second
|
|
Batting: RHB Michael McDonald
|
0-0: Ball 1-0: DOUBLE (Line Drive, 78D, EV 102.5 MPH) Jon Ventura scores
|
|
Batting: LHB David Campbell
|
0-0: Ball 1-0: Ball 2-0: Foul Ball, location: 2F 2-1: Ground out U3 (Groundball, 3, EV 80.6 MPH)
|
| Bottom of the 4th over - 1 run, 1 hit, 0 errors, 1 left on base; Frisco 2 - Chattanooga 1 |
| TOP OF THE 5TH |
|
Frisco RoughRiders batting - Pitching for Chattanooga Lookouts : LHP David Gordon
|
|
Batting: RHB Sean Neuroth
|
0-0: Single, Error in OF, E8, batter to second base (Groundball, 6MD, EV 98.1 MPH)
|
|
Batting: RHB Joe Kemp
|
0-0: Called Strike 0-1: Fly out, F9 (Flyball, 9LM, EV 93.8 MPH) Runner from 2nd tags up, SAFE at 3rd, no throw by RF
|
|
Batting: RHB Doug Hammertime
|
0-0: Ball 1-0: Swinging Strike 1-1: Ball 2-1: Ball 3-1: Foul Ball, location: 2F 3-2: Foul Ball, location: 2F 3-2: Foul Ball, location: 2F 3-2: Ground out 5-3 (Groundball, 56, EV 98.1 MPH) Sean Neuroth scores
|
|
Batting: RHB Chance Lamb
|
0-0: SINGLE (Line Drive, 8LS, EV 91.2 MPH)
|
|
Batting: RHB Dale Aubrey
|
0-0: Ball 1-0: Foul Ball, location: 2F 1-1: Ball 2-1: Foul Ball, location: 2F 2-2: SINGLE (Line Drive, 9S, EV 105.6 MPH) Chance Lamb to second
|
|
Batting: RHB Andrew Clarke
|
0-0: Ball 1-0: Called Strike 1-1: Called Strike 1-2: Ball 2-2: Ground out 3-1 (Groundball, 34S, EV 93.1 MPH)
|
| Top of the 5th over - 1 run, 3 hits, 1 error, 2 left on base; Frisco 3 - Chattanooga 1 |
| BOTTOM OF THE 5TH |
|
Chattanooga Lookouts batting - Pitching for Frisco RoughRiders : RHP Jeff Kidd
|
|
Batting: RHB John Dew
|
0-0: Ball 1-0: Called Strike 1-1: Ball 2-1: Foul Ball, location: 2F 2-2: Ground out 5-3 (Groundball, 56, EV 90.0 MPH)
|
|
Batting: RHB Nick Phipps
|
0-0: Called Strike 0-1: Called Strike 0-2: Strikes out swinging
|
|
Batting: RHB Jose Gracia
|
0-0: Ball 1-0: Called Strike 1-1: Foul Ball, location: 2F 1-2: Ball 2-2: DOUBLE (Line Drive, 9LD, EV 110.0 MPH)
|
|
Batting: LHB Marshall Daul
|
0-0: Swinging Strike 0-1: Foul Ball, location: 2F 0-2: Ball 1-2: Ball 2-2: DOUBLE (Line Drive, 3D, EV 95.6 MPH) Jose Gracia scores
|
|
Batting: SHB Matt Urbani
|
0-0: Ball 1-0: Foul Ball, location: 2F 1-1: Called Strike 1-2: Ball 2-2: Foul Ball, location: 2F 2-2: Strikes out swinging
|
| Bottom of the 5th over - 1 run, 2 hits, 0 errors, 1 left on base; Frisco 3 - Chattanooga 2 |
| TOP OF THE 6TH |
|
Frisco RoughRiders batting - Pitching for Chattanooga Lookouts : LHP David Gordon
|
|
Batting: RHB Josh Ferguson
|
0-0: Ball 1-0: Ball 2-0: Ground out 6-3 (Groundball, 6, EV 103.8 MPH)
|
|
Batting: LHB Pauli Gassinger
|
0-0: Foul Ball, location: 2F 0-1: Ball 1-1: Swinging Strike 1-2: Fly out, F4 (Line Drive, 34, EV 73.1 MPH)
|
|
Batting: RHB Jose Pineda
|
0-0: SINGLE (Groundball, 34D, EV 96.2 MPH)
|
|
Pitching: LHP John Pedlar
|
|
|
Batting: RHB Sean Neuroth
|
0-0: Ball 1-0: SINGLE (Line Drive, 89S, EV 106.2 MPH) Jose Pineda to second
|
|
Batting: RHB Joe Kemp
|
0-0: Called Strike 0-1: Ball 1-1: Ball 2-1: Foul Ball, location: 2F 2-2: Ball 3-2: Foul Ball, location: 2F 3-2: Fly out, F9 (Flyball, 9S, EV 88.1 MPH)
|
| Top of the 6th over - 0 runs, 2 hits, 0 errors, 2 left on base; Frisco 3 - Chattanooga 2 |
| BOTTOM OF THE 6TH |
|
Chattanooga Lookouts batting - Pitching for Frisco RoughRiders : RHP Jeff Kidd
|
|
Batting: LHB Jon Ventura
|
0-0: Ball 1-0: Foul Ball, location: 2F 1-1: Ball 2-1: Ball 3-1: Base on Balls
|
|
Batting: LHB Israel Montoya
|
0-0: Ball Jon Ventura is caught stealing 2nd base 2-6 1-0: Ball 2-0: Called Strike 2-1: Called Strike 2-2: Foul Ball, location: 2F 2-2: Strikes out swinging
|
|
Batting: RHB Michael McDonald
|
0-0: Swinging Strike 0-1: Ball 1-1: Ball 2-1: Ground out 2-3 (Groundball, 15S, EV 68.8 MPH)
|
| Bottom of the 6th over - 0 runs, 0 hits, 0 errors, 0 left on base; Frisco 3 - Chattanooga 2 |
| TOP OF THE 7TH |
|
Frisco RoughRiders batting - Pitching for Chattanooga Lookouts : LHP John Pedlar
|
|
Batting: RHB Doug Hammertime
|
0-0: Foul Ball, location: 2F 0-1: Ball 1-1: Ball 2-1: Ball 3-1: Foul Ball, location: 2F 3-2: Foul Ball, location: 2F 3-2: DOUBLE (Flyball, 8LXD, EV 110.0 MPH)
|
|
Batting: RHB Chance Lamb
|
0-0: Foul Ball, location: 2F 0-1: Swinging Strike 0-2: SINGLE (Groundball, 56D, EV 103.8 MPH) Doug Hammertime to third
|
|
Batting: RHB Dale Aubrey
|
0-0: Called Strike 0-1: Ball 1-1: Foul Ball, location: 2F 1-2: Foul Ball, location: 2F 1-2: Strikes out looking
|
|
Batting: RHB Andrew Clarke
|
0-0: Swinging Strike 0-1: Called Strike 0-2: Ball 1-2: Foul Ball, location: 2F 1-2: Strikes out looking
|
|
Batting: RHB Josh Ferguson
|
0-0: Called Strike 0-1: Ball 1-1: Swinging Strike Passed Ball! Doug Hammertime scores Chance Lamb to second 1-2: Fly out, F9 (Flyball, 9, EV 93.8 MPH)
|
| Top of the 7th over - 1 run, 2 hits, 0 errors, 1 left on base; Frisco 4 - Chattanooga 2 |
| BOTTOM OF THE 7TH |
|
Chattanooga Lookouts batting - Pitching for Frisco RoughRiders : RHP Jeff Kidd
|
|
Now at 1B: Yat-sen Zhu
|
|
|
Batting: LHB David Campbell
|
0-0: Called Strike 0-1: Ball 1-1: Ball 2-1: Foul Ball, location: 2F 2-2: Strikes out swinging
|
|
Batting: RHB John Dew
|
0-0: Swinging Strike 0-1: Swinging Strike 0-2: Ball 1-2: Foul Ball, location: 2F 1-2: Ground out U3 (Groundball, 3, EV 88.1 MPH)
|
|
Batting: RHB Nick Phipps
|
0-0: Ball 1-0: Ball 2-0: Called Strike 2-1: Ground out 4-3 (Groundball, 6MD, EV 100.0 MPH)
|
| Bottom of the 7th over - 0 runs, 0 hits, 0 errors, 0 left on base; Frisco 4 - Chattanooga 2 |
| TOP OF THE 8TH |
|
Frisco RoughRiders batting - Pitching for Chattanooga Lookouts : LHP John Pedlar
|
|
Pitching: RHP Tom Aagaard
|
|
|
Batting: LHB Pauli Gassinger
|
0-0: Called Strike 0-1: Called Strike 0-2: Ball 1-2: Strikes out swinging
|
|
Pinch Hitting: LHB Yasahiko Teshima
|
0-0: Fly out, F8 (Flyball, 8LXD, EV 105.0 MPH)
|
|
Batting: RHB Sean Neuroth
|
0-0: Called Strike 0-1: Ball 1-1: Ball 2-1: Called Strike 2-2: Fly out, F9 (Line Drive, 89M, EV 95.0 MPH)
|
| Top of the 8th over - 0 runs, 0 hits, 0 errors, 0 left on base; Frisco 4 - Chattanooga 2 |
| BOTTOM OF THE 8TH |
|
Chattanooga Lookouts batting - Pitching for Frisco RoughRiders : RHP Jeff Kidd
|
|
Now at 1B: Yasahiko Teshima
|
|
|
Now at 3B: Yat-sen Zhu
|
|
|
Batting: RHB Jose Gracia
|
0-0: Fly out, F8 (Flyball, 8RD, EV 97.5 MPH)
|
|
Batting: LHB Marshall Daul
|
0-0: Ball 1-0: Ball 2-0: Foul Ball, location: 2F 2-1: Foul Ball, location: 2F 2-2: Strikes out looking
|
|
Batting: SHB Matt Urbani
|
0-0: Ball 1-0: Foul Ball, location: 2F 1-1: Ball 2-1: Foul Ball, location: 2F 2-2: Foul Ball, location: 2F 2-2: Strikes out swinging
|
| Bottom of the 8th over - 0 runs, 0 hits, 0 errors, 0 left on base; Frisco 4 - Chattanooga 2 |
| TOP OF THE 9TH |
|
Frisco RoughRiders batting - Pitching for Chattanooga Lookouts : RHP Tom Aagaard
|
|
Batting: RHB Joe Kemp
|
0-0: Swinging Strike 0-1: Ball 1-1: Ball 2-1: Swinging Strike 2-2: Strikes out looking
|
|
Batting: LHB Yat-sen Zhu
|
0-0: Foul Ball, location: 2F 0-1: Ball 1-1: Ball 2-1: Foul Ball, location: 2F 2-2: Foul Ball, location: 2F 2-2: SOLO HOME RUN (Flyball, 9D, EV 94.4 MPH), Distance : 368 ft
|
|
Batting: RHB Chance Lamb
|
0-0: Ball 1-0: Ball 2-0: Called Strike 2-1: Ball 3-1: Fly out, F8 (Flyball, 78M, EV 88.8 MPH)
|
|
Batting: RHB Dale Aubrey
|
0-0: Ball 1-0: Fly out, F7 (Line Drive, 7S, EV 91.2 MPH)
|
| Top of the 9th over - 1 run, 1 hit, 0 errors, 0 left on base; Frisco 5 - Chattanooga 2 |
| BOTTOM OF THE 9TH |
|
Chattanooga Lookouts batting - Pitching for Frisco RoughRiders : RHP Jeff Kidd
|
|
Pitching: LHP Valery Sahanov
|
|
|
Batting: LHB Jon Ventura
|
0-0: Ball 1-0: Ball 2-0: DOUBLE (Line Drive, 78XD, EV 110.0 MPH)
|
|
Pinch Hitting: RHB Leo Gonzalez
|
0-0: Ground out 6-3 (Groundball, 56, EV 85.6 MPH)
|
|
Batting: RHB Michael McDonald
|
0-0: Called Strike 0-1: SINGLE (Line Drive, 7LS, EV 103.8 MPH) Jon Ventura to third
|
|
Batting: LHB David Campbell
|
0-0: Ball 1-0: Called Strike 1-1: Foul Ball, location: 2F 1-2: Strikes out looking
|
|
Batting: RHB John Dew
|
0-0: Ball 1-0: Called Strike 1-1: Ball 2-1: Ball 3-1: Foul Ball, location: 2F 3-2: Base on Balls Michael McDonald to second
|
|
Batting: RHB Nick Phipps
|
0-0: SINGLE (Line Drive, 4MD, EV 97.5 MPH) Jon Ventura scores Michael McDonald to third John Dew to second
|
|
Batting: RHB Jose Gracia
|
0-0: Ball 1-0: Ball 2-0: Called Strike 2-1: Ball 3-1: Fielders Choice at 2nd, 5-4 (Groundball, 5, EV 100.0 MPH)
|
| Bottom of the 9th over - 1 run, 3 hits, 0 errors, 3 left on base; Frisco 5 - Chattanooga 3 |
|